 Dungeon Crawl Stone Soup version 0.16.2-12-gd0ad4c3 (webtiles) character file.

55 gorblad the Skirmisher (level 3, -5/30 HPs)
             Began as a Demonspawn Chaos Knight on Sept 16, 2015.
             Slain by an iron imp (10 damage)
             ... summoned by Natasha
             ... on level 3 of the Dungeon.
             The game lasted 00:04:50 (1360 turns).

gorblad the Skirmisher (Demonspawn Chaos Knight)    Turns: 1360, Time: 00:04:50

Health: -5/30      AC:  6    Str: 13    XL:     3   Next: 67%
Magic:  3/3        EV: 11    Int: 13    God:    Xom [*.....]
Gold:   81         SH:  0    Dex: 12    Spells: 0 memorised, 2 levels left

rFire  . . .     SeeInvis .     a - +0 falchion (chaos)
rCold  . . .     Clarity  .     b - +2 leather armour
rNeg   . . .     SustAb   .     (no shield)
rPois  .         Gourm    .     (no helmet)
rElec  .         Spirit   .     e - +0 cloak (curse)
rCorr  .         Warding  .     (no gloves)
rMut   .         Stasis   .     (no boots)
MR     .....                    (no amulet)
Stlth  ++........               (no ring)
                                (no ring)

@: not resistant to hostile enchantments, unstealthy
A: nightstalker 1
a: Renounce Religion


You were on level 3 of the Dungeon.
You worshipped Xom.
You were a special plaything of Xom.
You were hungry.

You visited 1 branch of the dungeon, and saw 4 of its levels.

You collected 81 gold pieces.

Inventory:

Hand weapons
 a - a +0 falchion of chaos (weapon)
Armour
 b - a +2 leather armour (worn)
 e - a cursed +0 cloak (worn)
Scrolls
 h - a scroll of magic mapping {unknown}
 i - a scroll of immolation {unknown}
 j - 2 scrolls of identify {unknown}
 l - a scroll of fear {unknown}
 m - a scroll of random uselessness {unknown}
Potions
 k - a potion of magic
Comestibles
 c - 3 bread rations
 f - 2 meat rations
 g - a beef jerky
 n - 3 chunks of flesh


   Skills:
 + Level 3.8 Fighting
 + Level 3.2 Long Blades
 + Level 2.1 Armour
 + Level 1.1 Dodging


You had 2 spell levels left.
You didn't know any spells.

Dungeon Overview and Level Annotations

Branches:
Dungeon (4/15)             Temple (0/1) D:4

Altars:
Nemelex Xobeh
Vehumet

Annotations:
D:3 Aelig's ghost, average OpTm; Natasha; Sigmund


Innate Abilities, Weirdness & Mutations

You are slightly more attuned to the shadows.


Message History

Your summoned allies are left behind.
Level annotation: Sigmund The goblin shouts!
A goblin and a player ghost come into view.
Found a small bronze ring and 12 gold pieces.
A rat comes into view.
The goblin shouts!
Aelig's ghost turns its malevolent gaze towards you.
Found a scroll labeled LUIPRULUGG.
Found a scroll labeled SCHASA MAAMPAUL.
Natasha, Servant of Life and Death comes into view.
You see here a scroll labeled LUIPRULUGG.
Natasha hisses angrily.
Natasha mumbles some strange words.
Natasha casts a spell at thin air.
A cloud of flames roars to life!
The iron imp closely misses you.
Natasha mumbles some strange words.
The iron imp hits you!
You die...
Xom laughs nastily!

#.#. ##.#.# ...#.#
###########..#.#
#..ยง.@.5..#..#.#
#.###5.W.r..$#.#
#.h?.....#.###.#.
+....g?.g.........
#........#.###.#.
#####+#..#.#
#..#gg.....#
#..#.=.....
#..##......


You could see an iron imp, Natasha, Aelig's ghost, a white imp, a goblin and a
rat.

Vanquished Creatures
  The ghost of Charly the Sneak, a weakling VSAs (D:4)
  An adder (D:2)
  A worm (D:1)
  An orc (D:4)
  A bat (D:1)
  A hobgoblin (D:1)
  2 kobolds (D:1)
  3 rats (D:1)
11 creatures vanquished.

Vanquished Creatures (others)
  A butterfly (D:4)
1 creature vanquished.

Grand Total: 12 creatures vanquished

Notes
Turn   | Place    | Note
--------------------------------------------------------------
     0 | D:1      | gorblad, the Demonspawn Chaos Knight, began the quest for the Orb.
     0 | D:1      | Reached XP level 1. HP: 18/18 MP: 1/1
   785 | D:1      | Gained mutation: You are slightly more attuned to the shadows. [demonic ancestry]
   785 | D:1      | Reached XP level 2. HP: 8/24 MP: 2/2
  1005 | D:2      | Reached skill level 1 in Dodging
  1006 | D:2      | You fall through a shaft for 2 floors!
  1029 | D:4      | Noticed Charly's ghost (weakling VSAs)
  1033 | D:4      | XOM: potion effect (berserk rage)
  1038 | D:4      | XOM: potion effect (curing)
  1046 | D:3      | Noticed Sigmund
  1049 | D:3      | Found a radiant altar of Vehumet.
  1059 | D:4      | XOM: cast spell 'Blink'
  1075 | D:4      | XOM: divination: magic mapping
  1092 | D:4      | XOM: potion effect (agility)
  1102 | D:4      | Killed Charly's ghost
  1102 | D:4      | Reached XP level 3. HP: 21/30 MP: 3/3
  1178 | D:4      | Found a staircase to the Ecumenical Temple.
  1281 | D:4      | XOM: 1-stop teleportation journey
  1284 | D:4      | Found a sparkling altar of Nemelex Xobeh.
  1305 | D:4      | Noticed a phantom
  1327 | D:4      | XOM: summons 1 hostile demon
  1329 | D:4      | XOM: divination: detect items
  1344 | D:4      | XOM: butterfly on damage
  1350 | D:3      | Noticed Aelig's ghost (average OpTm)
  1353 | D:3      | Noticed Natasha
  1360 | D:3      | Slain by an iron imp

Action                   || total
-------------------------++-------
Melee: Falchion          ||    66
  Use: Potion            ||     2
  Eat: Beef jerky        ||     1
